 Dungeon Crawl Stone Soup version 0.25-a0-782-g655279c (webtiles) character file.

Game seed: 2500742747408746532, levelgen mode: deterministic

105912 robertstho the Impaler (level 16, -7/141 HPs)
             Began as a Merfolk Fighter on Apr 16, 2020.
             Was a High Priest of Okawaru.
             Killed from afar by a spark wasp (11 damage)
             ... with a living lightning
             ... on level 2 of the Spider Nest.
             The game lasted 01:12:10 (32580 turns).

robertstho the Impaler (Merfolk Fighter)           Turns: 32580, Time: 01:12:10

Health: -7/141     AC: 24    Str: 22    XL:     16   Next: 42%
Magic:  0/32       EV: 14    Int:  8    God:    Okawaru [*****.]
Gold:   387        SH: 15    Dex: 14    Spells: 15/15 levels left

rFire    . . .     SeeInvis .   c - +1 demon trident (venom)
rCold    + + .     Gourm    +   u - +2 kite shield
rNeg     . . .     Faith    .   g - +2 chain mail {rC+}
rPois    .         Spirit   +   z - +2 hat
rElec    .         Reflect  .   E - scarf {Spirit}
rCorr    .         Harm     .   O - +2 pair of gloves {archery}
MR       +....                  i - +1 pair of boots
Stlth    ..........             p - amulet of the gourmand
HPRegen  0.33/turn              U - ring of protection from cold
MPRegen  0.23/turn              l - ring of magical power

@: about to teleport, heroism, finesse, very slightly contaminated
A: change form in water, swift swim, stealthy swim
a: Heroism, Finesse, Renounce Religion


You were on level 2 of the Spider Nest.
You worshipped Okawaru.
Okawaru was extremely pleased with you.
You were not hungry.

You visited 6 branches of the dungeon, and saw 23 of its levels.
You visited the Abyss 2 times.
You also visited: Ice Cave and Volcano.

You collected 1992 gold pieces.
You spent 1605 gold pieces at shops.

Inventory:

Hand Weapons
 c - a +1 demon trident of venom (weapon)
 Z - the +5 trident of Distant Shores {drain, rElec}
   (Okawaru gifted it to you on level 6 of the Lair of Beasts)

   A truly terrible weapon, it drains the life of those it strikes.
   It insulates you from electricity.
Missiles
 e - 45 poisoned darts
 v - 4 silver javelins (quivered)
 W - 8 javelins
Armour
 d - a +2 plate armour of poison resistance
 g - a +2 chain mail of cold resistance (worn)
 i - a +1 pair of boots (worn)
 u - a +2 kite shield (worn)
 x - a +0 pair of gloves of strength
 z - a +2 hat (worn)
 D - a +1 helmet of see invisible
 E - a scarf of spirit shield (worn)
 M - a +0 chain mail of fire resistance
 O - a +2 pair of gloves of archery (worn)
Jewellery
 j - a +4 ring of strength
 k - a cursed ring of protection from cold
 l - a ring of magical power (right hand)
 p - an amulet of the gourmand (around neck)
 C - an uncursed ring of resist corrosion
 H - an uncursed ring of poison resistance
 I - an uncursed ring of see invisible
 N - an uncursed ring of flight
 U - a ring of protection from cold (left hand)
Wands
 B - a wand of iceblast (20)
Scrolls
 a - 4 scrolls of identify
 b - 9 scrolls of enchant armour
 h - 3 scrolls of enchant weapon
 n - a scroll of brand weapon
 o - a scroll of torment
 r - 15 scrolls of remove curse
 s - a scroll of teleportation
 y - a scroll of blinking
 A - a scroll of fog
 J - a scroll of fear
 R - 2 scrolls of immolation
Potions
 m - a potion of mutation
 q - 7 potions of flight
 w - 2 potions of stabbing
 K - a potion of cancellation
 L - 2 potions of magic
 S - a potion of haste
 T - a potion of might
Comestibles
 f - 44 rations


   Skills:
 * Level 17.1(22.1) Fighting
 * Level 20.6(25.6) Polearms
 + Level 0.7(5.7) Throwing
 + Level 10.4(15.4) Armour
 + Level 5.2(10.2) Dodging
 - Level 1.2(6.2) Stealth
 + Level 8.5(13.5) Shields
 * Level 10.2 Invocations
 + Level 1.0 Evocations


You had 15 spell levels left.
You didn't know any spells.
Your spell library contained the following spells:

 Spells                   Type           Power        Failure   Level  Hunger
 Animate Skeleton         Necr           N/A          94%         1    ##.....
 Apportation              Tloc           #.....       94%         1    ##.....
 Corona                   Hex            #......      94%         1    ##.....
 Magic Dart               Conj           #...         94%         1    ##.....
 Summon Small Mammal      Summ           #...         94%         1    ##.....
 Blink                    Tloc           N/A          98%         2    ###....
 Call Imp                 Summ           #.......     98%         2    ###....
 Slow                     Hex            #.......     98%         2    ###....
 Conjure Flame            Conj/Fire      #.......     100%        3    ####...
 Inner Flame              Hex/Fire       #.......     100%        3    ####...
 Mephitic Cloud           Conj/Pois/Air  #.......     100%        3    ####...
 Portal Projectile        Hex/Tloc       #.....       100%        3    ####...
 Cause Fear               Hex            #.........   100%        4    #####..
 Leda's Liquefaction      Hex/Erth       #.........   100%        4    #####..


Dungeon Overview and Level Annotations

Branches:
Dungeon (11/15)            Temple (1/1) D:4            Lair (6/6) D:8
  Swamp (1/4) Lair:2       Spider (2/4) Lair:3        Slime (0/5) Lair:5
    Orc (2/2) D:10            Elf (0/3) Orc:2         IceCv (visited)
Volcano (visited)

Altars:
Ashenzari
Cheibriados
Dithmenos
Elyvilon
Fedhas
Gozag
Hepliaklqana
Kikubaaqudgha
Makhleb
Nemelex Xobeh
Okawaru
Qazlal
Ru
Sif Muna
Trog
Uskayaw
Vehumet
Wu Jian
Xom
Yredelemnul
Zin
The Shining One

Shops:
D:4 *   D:6 [*!   Orc:2 }*:=:

Annotations:
D:6 potions / scrolls / ring 780 plate
D:11 Sonja
Orc:2 ring mr++ / str /slay


Message History

The spark wasp stings you but does no damage.
You hit the spark wasp but do no damage.
The spark wasp is severely wounded.
You hit the spark wasp.
The spark wasp looks as sick as possible!
The spark wasp is severely wounded.
The spark wasp stings you!!
* * * LOW HITPOINT WARNING * * *
The spark wasp shocks you!
* * * LOW HITPOINT WARNING * * *
Okay, then.
Blink to where?
Press: ? - help, Dir - move target cursor, p - demonic crawler You are very lightly contaminated with residual magic.
As you read the scroll of blinking, it crumbles to dust.
As you read the scroll of teleportation, it crumbles to dust.
You feel strangely unstable.
The spark wasp bursts into living lightning!
The living lightning hits you!
You die...

..#..sys.s.....##.....#...#
..#^######..#.......###...#
..#.......y..............###
............####........(..#
##......#......###....###..#
........#.#...##.#.#....####
....#...#.#.....^####..##
.#..##....##........#...##
##..#....#......@..###^..#
.#.......#....##..#####.##
.####....#..#..##...# ###
..##..#....^#......##
...##...#####<...####
..##..#...#......^..#
#.#..###..#....#...####
####...##.#....#÷...#.##
#.#....#......##..††...########


You could see a spark wasp.

Vanquished Creatures
  2 tentacled starspawn (Abyss:1)
  An orc warlord (Orc:2)
  2 very ugly things (IceCv)
  An entropy weaver (Spider:1)
  An ettin (Orc:2)
  A spark wasp (Spider:2)
  An ogre mage (Orc:2)
  Josephine (Lair:6)
  A great orb of eyes (D:11)
  11 hydras
  A catoblepas (Lair:6)
  2 alligators (Swamp:1)
  6 death yaks (Lair:6)
  3 two-headed ogres (Orc:2)
  A deep troll shaman (Lair:6)
  3 orc high priests (Orc:2)
  A hell knight (Volcano)
  A salamander mystic (Volcano)
  Pikel (D:8)
  5 orc knights
  5 orc sorcerers
  6 orb spiders
  13 wolf spiders
  3 oklob plants (Lair:5)
  8 ugly things (Spider:2)
  4 salamanders (Volcano)
  15 elephants
  5 ice statues (IceCv)
  6 black mambas
  Joseph (D:8)
  2 molten gargoyles (Volcano)
  12 spiny frogs
  A gargoyle (D:6)
  A torpor snail (Spider:1)
  Maggie (D:7)
  2 centaur skeletons (D:10)
  A kobold demonologist (D:11)
  2 rime drakes (Lair:4)
  4 anaconda simulacra (IceCv)
  6 komodo dragons
  6 demonic crawlers
  A golden dragon simulacrum (IceCv)
  6 jumping spiders
  4 trolls
  A troll (shapeshifter) (D:10)
  Prince Ribbit (D:7)
  A polar bear (Lair:6)
  A hornet (Spider:2)
  A tyrant leech (Swamp:1)
  8 blink frogs
  6 hippogriffs
  6 dream sheep (Lair:4)
  22 tarantellas
  A wyvern (D:9)
  A large abomination (Abyss:1)
  A spriggan (Lair:5)
  2 small abominations (Abyss:1)
  30 redbacks
  2 fire bats (Volcano)
  43 yaks
  A human (D:7)
  3 wraiths (Lair:6)
  2 basilisks
  Grum (Abyss:1)
  3 hogs (D:7)
  A hungry ghost (D:7)
  4 vampire mosquitoes (Swamp:1)
  An iron troll simulacrum (IceCv)
  Edmund (D:5)
  A warg (Orc:1)
  4 swamp worms (Lair:1)
  7 water moccasins
  5 porcupines
  2 hydra simulacra (IceCv)
  2 black bears (Lair:6)
  An ettin simulacrum (IceCv)
  2 swamp drakes (Swamp:1)
  24 orc warriors
  9 ice beasts
  An eye of draining (shapeshifter) (D:10)
  A phantom (D:3)
  A sky beast (D:7)
  13 wolves
  13 ogres
  8 centaurs
  7 crocodiles
  3 big kobolds
  14 bullfrogs
  A wyvern skeleton (D:6)
  5 scorpions
  18 killer bees
  4 electric eels
  2 vampire bats (Lair:6)
  A howler monkey (D:11)
  6 lava snakes (Volcano)
  A crimson imp (D:5)
  A bullfrog zombie (D:8)
  A quasit (D:7)
  4 jellies
  6 hounds
  A centaur zombie (D:6)
  12 orc priests
  28 orc wizards
  A bullfrog skeleton (D:5)
  6 iguanas
  An iron imp (Abyss:1)
  Ijyb (D:5)
  6 hell rats (Lair:6)
  7 worker ants
  A killer bee zombie (D:7)
  A hound zombie (D:11)
  3 gnolls (D:7)
  11 adders
  2 shadow imps
  A white imp (Abyss:1)
  An ufetubus (Abyss:1)
  2 oozes (Lair:5)
  3 adder skeletons
  3 worms
  A dart slug (D:2)
  A leopard gecko (D:3)
  67 orcs
  2 giant cockroaches
  6 goblins
  9 hobgoblins
  16 jackals
  24 kobolds
  2 quokkas
  7 bats
  3 frilled lizards
  A leopard gecko skeleton (D:4)
  A quokka skeleton (D:6)
  A quokka zombie (D:6)
  6 rats
  A plant (Lair:1)
712 creatures vanquished.

Vanquished Creatures (others)
  A hell knight (Abyss:1)
  An orange demon (Abyss:1)
  A kobold demonologist (D:11)
  A troll (D:11)
  3 yaks (D:11)
  An orc warrior (Orc:1)
  3 slaves (D:8)
  An ogre (Orc:1)
  A wolf (D:11)
  2 killer bees (D:11)
  An electric eel (D:8)
  A quasit (Abyss:1)
  A hound (D:8)
  2 orcs
  7 fungi
  8 plants
  16 starspawn tentacles (Abyss:1)
51 creatures vanquished.

Grand Total: 763 creatures vanquished

Notes
Turn   | Place    | Note
-------+----------+-------------------------------------------
     0 | D:1      | robertstho the Merfolk Fighter began the quest for the Orb.
     0 | D:1      | Reached XP level 1. HP: 18/18 MP: 1/1
   113 | D:1      | Reached XP level 2. HP: 24/24 MP: 2/2
   483 | D:1      | Reached XP level 3. HP: 23/30 MP: 3/3
   535 | D:2      | Found a burning altar of Makhleb.
   898 | D:2      | Found a shadowy altar of Dithmenos.
   899 | D:2      | Found a white marble altar of Elyvilon.
   944 | D:2      | Reached skill level 4 in Polearms
  1213 | D:2      | Reached XP level 4. HP: 23/37 MP: 4/4
  1282 | D:2      | Reached skill level 1 in Dodging
  1497 | D:3      | Found a blossoming altar of Fedhas.
  1498 | D:3      | Found an ancient bone altar of Kikubaaqudgha.
  1719 | D:3      | Noticed a phantom
  1794 | D:3      | Killed a phantom
  1794 | D:3      | Reached skill level 5 in Polearms
  1794 | D:3      | Reached XP level 5. HP: 11/43 MP: 5/5
  2404 | D:4      | Found Tuconusi's Assorted Antiques.
  2489 | D:4      | Reached skill level 6 in Polearms
  2489 | D:4      | Reached XP level 6. HP: 19/49 MP: 6/6
  2804 | D:4      | Reached skill level 1 in Stealth
  3034 | D:4      | Found a staircase to the Ecumenical Temple.
  3228 | D:5      | Entered Level 5 of the Dungeon
  3266 | Temple   | Entered the Ecumenical Temple
  3709 | D:5      | Reached skill level 7 in Polearms
  3784 | D:5      | Noticed Ijyb
  3796 | D:5      | Reached XP level 7. HP: 36/55 MP: 7/7
  3801 | D:5      | Killed Ijyb
  3847 | D:5      | Reached skill level 8 in Polearms
  4205 | D:5      | Reached skill level 5 in Fighting
  4205 | D:5      | Reached skill level 9 in Polearms
  4235 | D:5      | Noticed Edmund
  4252 | D:5      | Killed Edmund
  4252 | D:5      | Reached XP level 8. HP: 36/62 MP: 8/8
  4433 | D:5      | Reached skill level 10 in Polearms
  4496 | D:5      | Found a shattered altar of Ashenzari.
  4498 | D:5      | Found a snail-covered altar of Cheibriados.
  4501 | D:5      | Found a basalt altar of Yredelemnul.
  4896 | D:6      | Found Quyddisu's Distillery.
  4903 | D:6      | Noticed a gargoyle
  4913 | D:6      | Killed a gargoyle
  4913 | D:6      | Reached skill level 11 in Polearms
  4923 | D:6      | Bought a potion of curing for 33 gold pieces
  4923 | D:6      | Bought a potion of curing for 33 gold pieces
  4923 | D:6      | Bought a potion of heal wounds for 55 gold pieces
  4923 | D:6      | Bought 2 potions of heal wounds for 110 gold pieces
  5146 | D:6      | Found Imino's Assorted Antiques.
  5256 | D:6      | Found a white marble altar of Elyvilon.
  5268 | D:6      | Reached XP level 9. HP: 55/69 MP: 9/9
  5312 | D:6      | Found Biseb's Antique Armour Shop.
  5355 | D:6      | HP: 5/103 [orc warrior/+0 long sword (11)]
  5740 | D:6      | Reached skill level 12 in Polearms
  5780 | D:6      | Reached skill level 5 in Shields
  6308 | D:7      | Reached skill level 13 in Polearms
  6353 | D:7      | Reached XP level 10. HP: 66/80 MP: 10/10
  6402 | D:7      | Noticed Maggie
  6417 | D:7      | Killed Maggie
  6585 | D:7      | Noticed Prince Ribbit
  6604 | D:7      | Killed Prince Ribbit
  6604 | D:7      | Reached skill level 14 in Polearms
  7567 | D:8      | Noticed Pikel
  7596 | D:8      | Killed Pikel
  8219 | D:8      | Reached skill level 5 in Armour
  8395 | D:8      | Noticed Joseph
  8417 | D:8      | Killed Joseph
  8572 | D:8      | Found a staircase to the Lair.
  9093 | D:9      | Found an iron altar of Okawaru.
  9215 | D:9      | Became a worshipper of Warmaster Okawaru
  9360 | D:9      | Reached XP level 11. HP: 76/89 MP: 8/11
  9361 | D:9      | Reached skill level 1 in Invocations
  9663 | Lair:1   | Entered Level 1 of the Lair of Beasts
 10083 | Lair:1   | Reached * piety under Okawaru
 10445 | Lair:1   | Reached ** piety under Okawaru
 10478 | Lair:1   | Reached skill level 15 in Polearms
 10837 | Lair:1   | Noticed an eight-headed hydra
 10847 | Lair:1   | Killed an eight-headed hydra
 10847 | Lair:1   | Reached skill level 10 in Fighting
 11471 | Lair:1   | Got an ichor-stained short sword
 11472 | Lair:1   | Identified the +6 short sword "Rarghorr" {flame, MR++ Dex-3
                  | SInv} (You found it on level 1 of the Lair of Beasts)
 11515 | Lair:2   | Noticed a five-headed hydra
 11535 | Lair:2   | Killed a five-headed hydra
 11535 | Lair:2   | Reached *** piety under Okawaru
 12079 | Lair:2   | Noticed a six-headed hydra
 12080 | Lair:2   | Found a staircase to the Swamp.
 12091 | Lair:2   | Killed a six-headed hydra
 12165 | Lair:2   | Reached XP level 12. HP: 22/100 MP: 6/14
 12362 | Lair:2   | Reached **** piety under Okawaru
 12698 | Lair:2   | Noticed a six-headed hydra
 12712 | Lair:2   | Killed a six-headed hydra
 13187 | Lair:3   | Reached skill level 16 in Polearms
 14161 | Lair:3   | Reached skill level 5 in Invocations
 14194 | Lair:3   | Found a hole to the Spider Nest.
 14321 | Lair:3   | Reached ***** piety under Okawaru
 14584 | Lair:3   | Noticed a five-headed hydra
 14594 | Lair:3   | Killed a five-headed hydra
 15431 | Lair:4   | Noticed a five-headed hydra
 15449 | Lair:4   | Killed a five-headed hydra
 15449 | Lair:4   | Received a gift from Okawaru
 15449 | Lair:4   | Reached XP level 13. HP: 38/109 MP: 2/17
 17082 | Lair:4   | Reached skill level 17 in Polearms
 18165 | Lair:5   | Found a staircase to the Slime Pits.
 18783 | Lair:6   | Entered Level 6 of the Lair of Beasts
 18851 | Lair:6   | Received a gift from Okawaru
 18854 | Lair:6   | Got a shimmering trident {god gift}
 18854 | Lair:6   | Identified the +5 trident of Distant Shores {drain, rElec}
                  | (Okawaru gifted it to you on level 6 of the Lair of Beasts)
 18974 | Lair:6   | Found a dark tunnel.
 18989 | Volcano  | Entered a volcano
 19682 | Volcano  | Found a bloodstained altar of Trog.
 20026 | Lair:6   | Received a gift from Okawaru
 20058 | Lair:6   | Noticed Josephine
 20112 | Lair:6   | Reached XP level 14. HP: 53/120 MP: 11/19
 20141 | Lair:6   | Killed Josephine
 20166 | Lair:6   | Reached skill level 18 in Polearms
 20760 | Lair:6   | Received a gift from Okawaru
 21135 | Lair:6   | Reached ****** piety under Okawaru
 21952 | D:9      | Found an opulent altar of Gozag.
 22080 | D:10     | Entered Level 10 of the Dungeon
 22331 | D:10     | Found a staircase to the Orcish Mines.
 22878 | D:11     | Noticed Sonja
 22886 | D:11     | Cast into level 1 of the Abyss (Sonja)
 23001 | Abyss:1  | Noticed a tentacled starspawn
 23042 | Abyss:1  | Killed a tentacled starspawn
 23077 | Abyss:1  | Paralysed by a great orb of eyes for 2 turns
 23098 | Abyss:1  | Received a gift from Okawaru
 23124 | D:11     | Escaped the Abyss
 23447 | D:11     | Identified a scroll of acquirement
 23525 | D:11     | Noticed Grum
 23532 | D:11     | Banished Grum
 23601 | D:11     | Reached skill level 15 in Fighting
 23824 | D:11     | Reached skill level 19 in Polearms
 23905 | D:11     | Cast into level 1 of the Abyss (Sonja)
 23906 | Abyss:1  | Found a corrupted altar of Lugonu.
 24001 | Abyss:1  | Found a corrupted altar of Lugonu.
 24077 | Abyss:1  | Noticed a tentacled starspawn
 24155 | Abyss:1  | Killed a tentacled starspawn
 24165 | Abyss:1  | Killed Grum
 24188 | Abyss:1  | Noticed a black draconian
 24221 | D:11     | Escaped the Abyss
 24528 | Orc:1    | Entered Level 1 of the Orcish Mines
 24666 | Orc:1    | Reached XP level 15. HP: 82/129 MP: 14/21
 25052 | D:6      | Bought a scroll of teleportation for 102 gold pieces
 25052 | D:6      | Bought a potion of heal wounds for 170 gold pieces
 25052 | D:6      | Bought a scroll of identify for 68 gold pieces
 25052 | D:6      | Bought a scroll of identify for 68 gold pieces
 25092 | D:4      | Bought 2 scrolls labeled PYNYRA WOUW for 48 gold pieces
 25092 | D:4      | Bought a scroll of identify for 48 gold pieces
 25311 | Lair:5   | Reached skill level 5 in Dodging
 25852 | D:6      | Bought a shiny plate armour for 780 gold pieces
 25980 | Orc:2    | Entered Level 2 of the Orcish Mines
 25987 | Orc:2    | Found Imugeaj's Book Boutique.
 26087 | Orc:2    | Noticed an orc warlord
 26142 | Orc:2    | Killed an orc warlord
 26142 | Orc:2    | Received a gift from Okawaru
 26461 | Orc:2    | Paralysed by an orc sorcerer for 6 turns
 27265 | Orc:2    | Found a staircase to the Elven Halls.
 27353 | Orc:2    | Found Nepsazul's Jewellery Shop.
 27353 | Orc:2    | Found Banliluke's Book Emporium.
 27360 | Orc:2    | Found Iqakk's General Store.
 27360 | Orc:2    | Found Idikaohass's Gadget Emporium.
 27368 | Orc:2    | Bought a scroll of torment for 90 gold pieces
 27537 | Swamp:1  | Entered Level 1 of the Swamp
 28081 | Spider:1 | Entered Level 1 of the Spider Nest
 28130 | Spider:1 | Reached skill level 10 in Armour
 28185 | Spider:1 | Received a gift from Okawaru
 28254 | Spider:1 | Reached skill level 20 in Polearms
 29415 | Spider:1 | Got a fine chain mail
 29426 | Spider:1 | Identified the cursed +1 chain mail of Tokomic {SInv} (You
                  | found it on level 1 of the Spider Nest)
 30040 | Spider:2 | Reached XP level 16. HP: 124/139 MP: 20/23
 30255 | Spider:2 | Received a gift from Okawaru
 30339 | Spider:2 | HP: 7/140 [poisoned by a redback]
 30341 | Spider:2 | Found a frozen archway.
 30353 | IceCv    | Entered an ice cave
 30741 | IceCv    | Reached skill level 10 in Invocations
 32449 | Spider:2 | Reached skill level 1 in Evocations
 32577 | Spider:2 | HP: 3/141 [spark wasp (15)]
 32580 | Spider:2 | Killed from afar by a spark wasp

Levels and vault maps discovered:
D:1:      minmay_arrival_doors, layout_rooms
D:2:      layout_rooms, bloody_makhleb,
          chequers_temple_overflow_statue_of_worship, serial_forest,
          infiniplex_forest_lined_1, infiniplex_forest_straight_3,
          infiniplex_forest_end_1, infiniplex_forest_lined_room_,
          infiniplex_forest_straight_3
D:3:      layout_basic, grunt_temple_overflow_growth_and_decay
D:4:      layout_basic, temple_doors_e, first_ration, serial_shops,
          nicolae_shop_window_shopping, minmay_door_square
D:5:      layout_gridville, grunt_temple_overflow_open,
          chequers_serial_rivers_small_a, uniq_ijyb, uniq_edmund
D:6:      layout_basic, serial_shops, nicolae_shop_crystal, shop,
          kennysheep_mini, elyvilon_altar_1
D:7:      layout_layer_cave, grunt_livestock, grunt_ministairs_13,
          minmay_misc_feat_nine_boxes, minmay_statues_item, uniq_maggie,
          uniq_prince_ribbit1
D:8:      layout_basic, erik_lair_island, uniq_joseph, uniq_pikel
D:9:      layout_loops_cross, okawaru_trees_2, old_standard_altar
D:10:     minmay_chambers_of_sixes, layout_loops_ring, orc_0_dummy
D:11:     layout_roguey, kennysheep_generic_room_12, uniq_sonja, uniq_grum
Temple:   minmay_temple_forest_path
Lair:1:   layout_regular_city, chequers_serial_rivers_room_a, worms_lemuel,
          serial_bayou_shore_a, lemuel_fruit_fields
Lair:2:   layout_cave_shapes, minmay_swamp_entry_reptiles
Lair:3:   layout_layer_cave, spider_nest_entry_funnel_web,
          infiniplex_staircase_pool
Lair:4:   layout_cave_pods
Lair:5:   layout_regular_city, nicolae_slime_entry_slimehenge,
          gauntlet_entry_generic, grunt_forest_large_clearing_hut,
          grunt_megastairs_2, minmay_lair_oklob_chamber
Lair:6:   grunt_lair_end_beastmaster, layout_regular_city,
          lightli_volcano_entry_magma_tube, roderic_batcave, patterned_corridor,
          uniq_josephine
Swamp:1:  layout_basic_swamp, evilmike_swamp_ruin_wall
Spider:1: layout_chambers
Spider:2: cheibrodos_forgotten_conduit, portal_ice_cave_entry_ugly_swarm
Orc:1:    layout_diamond_mine
Orc:2:    grunt_orc_tribal_feast, layout_diamond_mine, serial_shops,
          nicolae_shop_competitors_out_of_business

Skill      XL: |  1  2  3  4  5  6  7  8  9 10 11 12 13 14 15 16 |
---------------+-------------------------------------------------+-----
Fighting       | 4 5 6 7 9 11 12 14 15 16 17 | 17.1
Polearms       | 4 5 6 7 9 11 13 14 15 16 17 19 20 | 20.6
Dodging        | 1 2 3 4 5 |  5.2
Stealth        | 1 |  1.2
Armour         | 3 4 5 6 7 8 9 10 | 10.4
Shields        | 4 5 7 8 |  8.5
Invocations    | 3 6 7 8 9 10 | 10.2
Evocations     | 1 |  1.0
Throwing       | |  0.7

Action                   |  1- 3 |  4- 6 |  7- 9 | 10-12 | 13-15 | 16-18 || total
-------------------------+-------+-------+-------+-------+-------+-------++-------
Melee: Trident           |   127 |   213 |   430 |   927 |  1540 |       ||  3237
       Tailslap          |       |       |       |    10 |     2 |       ||    12
       Glaive            |       |       |       |    47 |       |       ||    47
       Punch             |       |       |       |     1 |    15 |       ||    16
       Demon trident     |       |       |       |       |   195 |   388 ||   583
Throw: Javelin           |       |     3 |       |       |       |       ||     3
       Dart              |       |     2 |       |       |       |       ||     2
Invok: Heroism           |       |       |       |    14 |    26 |     4 ||    44
       Finesse           |       |       |       |     1 |     2 |     2 ||     5
Evoke: Wand              |       |       |       |     2 |    11 |    15 ||    28
  Use: Scroll            |       |     5 |       |     3 |    29 |     3 ||    40
       Potion            |       |     1 |     6 |     5 |    13 |     6 ||    31
 Stab: Invisible         |       |       |       |       |     7 |       ||     7
       Confused          |       |       |       |       |     6 |       ||     6
  Eat: Chunk             |     1 |     8 |    18 |    39 |    46 |     3 ||   115
Armor: Scale mail        |    56 |    45 |    14 |       |       |       ||   115
       Chain mail        |       |       |    58 |       |   300 |   105 ||   463
       Plate armour      |       |       |    81 |   385 |   496 |    53 ||  1015
Dodge: Dodged            |    45 |    46 |    72 |   202 |   657 |   128 ||  1150
Block: Kite shield       |    68 |    76 |   163 |   182 |    56 |   213 ||   758

Table legend:
 A = Non-vault XP
 B = Vault XP
 C = Vault XP percentage of total XP
 D = Non-vault monster count
 E = Vault monster count
 F = Vault count percentage of total count
                 A         B        C        D         E       F
            +---------+---------+-------+---------+---------+-------
      Total |   97664 |   53639 |  35.5 |     557 |     169 |  23.3
            +---------+---------+-------+---------+---------+-------
        D:1 |      37 |       0 |   0.0 |      13 |       0 |   0.0
        D:2 |      52 |       0 |   0.0 |      28 |       0 |   0.0
        D:3 |     153 |       0 |   0.0 |      13 |       0 |   0.0
        D:4 |     201 |       0 |   0.0 |      14 |       0 |   0.0
        D:5 |    1072 |     198 |  15.6 |      35 |       2 |   5.4
        D:6 |    1332 |       0 |   0.0 |      20 |       0 |   0.0
        D:7 |    1166 |    1901 |  62.0 |      29 |       9 |  23.7
        D:8 |    1001 |    1714 |  63.1 |      17 |       7 |  29.2
        D:9 |    1663 |       0 |   0.0 |      24 |       0 |   0.0
       D:10 |    1448 |     781 |  35.0 |      24 |       4 |  14.3
       D:11 |    5372 |     408 |   7.1 |      45 |       4 |   8.2
     Lair:1 |    4898 |     621 |  11.3 |      19 |       4 |  17.4
     Lair:2 |    6622 |    1172 |  15.0 |      19 |       4 |  17.4
     Lair:3 |    6525 |    1350 |  17.1 |      28 |       4 |  12.5
     Lair:4 |    5886 |    2090 |  26.2 |      16 |       8 |  33.3
     Lair:5 |    2135 |    5304 |  71.3 |       6 |      14 |  70.0
     Lair:6 |    7787 |   12319 |  61.3 |      35 |      31 |  47.0
    Swamp:1 |    3948 |       0 |   0.0 |      10 |       0 |   0.0
   Spider:1 |   16790 |       0 |   0.0 |      49 |       0 |   0.0
   Spider:2 |   10960 |    4701 |  30.0 |      32 |      10 |  23.8
      Orc:1 |    2938 |       0 |   0.0 |      32 |       0 |   0.0
      Orc:2 |    9571 |    7637 |  44.4 |      38 |      29 |  43.3
    Abyss:1 |    6107 |     182 |   2.9 |      11 |       1 |   8.3
      IceCv |       0 |    8051 | 100.0 |       0 |      22 | 100.0
    Volcano |       0 |    5210 | 100.0 |       0 |      16 | 100.0
            +---------+---------+-------+---------+---------+-------
